 Dungeon Crawl Stone Soup version 0.26-a0-665-gefeb406119 (webtiles) character file.

Game seed: 3062475237407960902

35117 jiml777 the Thaumaturge (level 13, -2/103 HPs)
             Began as a Gnoll Warper on Oct 14, 2020.
             Was an Initiate of Gozag.
             Slain by a two-headed ogre
             ... wielding a +0 giant club
              (12 damage)
             ... on level 11 of the Dungeon on Oct 15, 2020.
             The game lasted 02:52:16 (19759 turns).

jiml777 the Thaumaturge (Gnoll Warper)             Turns: 19759, Time: 02:52:18

Health: -2/103     AC: 17    Str: 11    XL:     13   Next: 81%
Magic:  22/27      EV: 19    Int: 26    God:    Gozag
Gold:   498        SH:  0    Dex: 19    Spells: 10/32 levels left

rFire    + + .     SeeInvis +   y - +4 battleaxe (freeze)
rCold    + . .     Faith    .   (shield currently unavailable)
rNeg     + . .     Spirit   .   A - +5 leather armour of Hadjma {rN+ Str-5 Int+3}
rPois    .         Reflect  .   Z - +2 hat
rElec    .         Harm     .   j - +2 cloak
rCorr    .         Rampage  .   c - +1 pair of gloves "Xeedym" {rF++ Str+3 Dex+3 SInv}
MR       ++...                  (no boots)
Stlth    ++++......             l - amulet of regeneration
HPRegen  0.67/turn              Q - ring of the Mage {Wiz MR++ Int+3}
MPRegen  0.20/turn              S - ring of protection from cold

@: slowed, lightly drained, very slow
A: distributed training, fangs 1, strong nose
a: Potion Petition, Call Merchant, Bribe Branch, Renounce Religion


You were on level 11 of the Dungeon.
You worshipped Gozag.
Gozag was aware of your devotion.
You visited 3 branches of the dungeon, and saw 17 of its levels.
You also visited: Sewer, Gauntlet and Volcano.

You collected 3764 gold pieces.
You spent 1126 gold pieces at shops.
You paid 2140 gold pieces to Gozag.

Inventory:

Hand Weapons
 f - the +6 hunting sling of Ehaingo {vorpal, rF+ Dex+3}
   (You bought it in a shop on level 5 of the Dungeon)

   Any stone fired from it inflicts extra damage.
   It affects your dexterity (+3).
   It protects you from fire.
 y - a +4 battleaxe of freezing (weapon)
 z - a +4 scimitar of flaming
 P - a +2 flail of holy wrath
Missiles
 b - 26 javelins
 e - 4 boomerangs of dispersal
 m - 166 sling bullets
 v - 5 silver javelins
 G - 55 poisoned darts (quivered)
Armour
 a - +2 swamp dragon scales
 c - the +1 pair of gloves "Xeedym" (worn) {rF++ Str+3 Dex+3 SInv}
   (You found it in a Gauntlet)

   It affects your strength (+3).
   It affects your dexterity (+3).
   It greatly protects you from fire.
   It lets you see invisible.
 j - a +2 cloak (worn)
 A - the +5 leather armour of Hadjma (worn) {rN+ Str-5 Int+3}
   (You found it on level 4 of the Dungeon)

   It affects your strength (-5).
   It affects your intelligence (+3).
   It protects you from negative energy.
 Z - a +2 hat (worn)
Magical Staves
 o - an uncursed staff of poison
 N - an uncursed staff of fire
Jewellery
 i - the ring of Fragile Peace {Str+4 SInv}
   (You found it in a Gauntlet)

   [ring of see invisible]

   It affects your strength (+4).
   It lets you see invisible.
 l - an amulet of regeneration (around neck)
 Q - the ring of the Mage (left hand) {Wiz MR++ Int+3}
   (You bought it in a shop in the Ecumenical Temple)

   [ring of wizardry]

   It improves your spell success rate.
   It affects your intelligence (+3).
   It affects your resistance to hostile enchantments.
 S - a ring of protection from cold (right hand)
Wands
 w - a wand of iceblast (12)
 E - a wand of digging (18)
 H - a wand of acid (16)
 O - a wand of paralysis (9)
 U - a wand of flame (38)
 W - a wand of disintegration (11)
Scrolls
 d - 2 scrolls of blinking
 k - a scroll of enchant armour
 n - 15 scrolls of teleportation
 K - 3 scrolls of magic mapping
 M - 2 scrolls of fog
 T - 2 scrolls of holy word
 X - 4 scrolls of remove curse
 Y - 3 scrolls of identify
Potions
 h - 3 potions of stabbing
 p - a potion of brilliance
 q - 5 potions of flight
 B - 3 potions of cancellation
 C - 2 potions of curing
Miscellaneous
 g - a phantom mirror
 r - a lightning rod (4/4)
 F - a tin of tremorstones (3/3)


   Skills:
 + Level 9.8(9.5) Fighting
 + Level 8.6(8.4) Short Blades
 + Level 8.6(8.4) Long Blades
 + Level 8.6(8.4) Axes
 + Level 8.6(8.4) Maces & Flails
 + Level 9.8(9.5) Polearms
 + Level 8.6(8.4) Staves
 + Level 8.6(8.4) Slings
 + Level 8.6(8.4) Bows
 + Level 8.6(8.4) Crossbows
 + Level 9.0(8.8) Throwing
 + Level 9.0(8.8) Armour
 + Level 9.8(9.5) Dodging
 + Level 8.6(8.4) Stealth
 + Level 8.6(8.4) Shields
 + Level 8.6(8.4) Unarmed Combat
 + Level 10.0(9.7) Spellcasting
 + Level 7.2(7.0) Conjurations
 + Level 7.2(7.0) Hexes
 + Level 7.2(7.0) Summonings
 + Level 7.2(7.0) Necromancy
 + Level 9.1(8.9) Translocations
 + Level 7.2(7.0) Transmutations
 + Level 7.2(7.0) Fire Magic
 + Level 7.2(7.0) Ice Magic
 + Level 7.2(7.0) Air Magic
 + Level 7.2(7.0) Earth Magic
 + Level 7.2(7.0) Poison Magic
 + Level 9.4(9.2) Invocations
 + Level 8.6(8.4) Evocations


You had 10 spell levels left.
You knew the following spells:

 Your Spells              Type           Power        Failure   Level
a - Blink                 Tloc           N/A          1%          2
b - Petrify               Tmut/Erth      #####...     1%          4
c - Apportation           Tloc           ######       1%          1
d - Hailstorm             Conj/Ice       #####...     1%          4
e - Ozocubu's Armour      Ice            #####...     1%          3
f - Metabolic Englaciati  Hex/Ice        #####.....   3%          5
g - Gell's Gravitas       Tloc           ######....   1%          3

Your spell library contained the following spells:

 Spells                   Type           Power        Failure   Level
 Corona                   Hex            #####..      1%          1
 Freeze                   Ice            ####         1%          1
 Corpse Rot               Necr/Air       N/A          1%          2
 Ensorcelled Hibernation  Hex/Ice        #####.       1%          2
 Sublimation of Blood     Necr           #####.....   1%          2
 Confusing Touch          Hex            #####...     1%          3
 Dazzling Flash           Conj/Hex       #####.       1%          3
 Frozen Ramparts          Ice            #####.       1%          3
 Lesser Beckoning         Tloc           ######....   1%          3
 Teleport Other           Tloc           ######..     1%          3
 Tukima's Dance           Hex            #####...     1%          3
 Dispel Undead            Necr           #####...     1%          4
 Passage of Golubria      Tloc           N/A          1%          4
 Summon Ice Beast         Ice/Summ       #####...     1%          4
 Agony                    Necr           #####...     3%          5
 Alistair's Intoxication  Tmut/Pois      #####....    3%          5
 Excruciating Wounds      Necr           #####.....   3%          5
 Yara's Violent Unravell  Hex/Tmut       #####.....   3%          5
 Invisibility             Hex            #####...     21%         6


Dungeon Overview and Level Annotations

Branches:
Dungeon (11/15)            Temple (1/1) D:7            Lair (5/6) D:9
  Swamp (0/4) Lair:4        Snake (0/4) Lair:3        Sewer (visited)
Volcano (visited)         Gauntlet (visited)
  Slime: Lair:5-6       Orc: D:9-12

Altars:
Ashenzari
Cheibriados
Dithmenos
Elyvilon
Fedhas
Gozag
Hepliaklqana
Okawaru
Ru
Sif Muna
Trog
Uskayaw
Vehumet
Wu Jian
Yredelemnul
Zin
Beogh
Jiyva

Shops:
D:5 (   D:6 ?   Temple =*

Portals:
Trove: D:10 (give +3 storm dragon scales)

Annotations:
Lair:2 exclusion: 2 oklob plants
Lair:5 Snorg


Innate Abilities, Weirdness & Mutations

Your experience applies equally to all skills.
You have very sharp teeth.
Your uncanny sense of smell can sniff out nearby items.


Message History

* * * LOW HITPOINT WARNING * * *
The two-headed ogre hits you with a +0 giant club!
* * * LOW HITPOINT WARNING * * *
The two-headed ogre hits you but does no damage.
The two-headed ogre completely misses you.
A wight comes into view. It is wielding a +2 vorpal scimitar.
A wight comes into view. It is wielding a +4 dagger.
The wight moves out of view.
The two-headed ogre barely misses you.
The two-headed ogre hits you but does no damage.
The two-headed ogre barely misses you. The two-headed ogre closely misses you.
The two-headed ogre closely misses you. The two-headed ogre misses you.
There is a stone staircase leading down here.
Casting: Blink (safe; 1% risk of failure)
Confirm with . or Enter, or press ? or * to list all spells.
You radiate an aura of cold.
The two-headed ogre seems to slow down.
The wraith is unaffected. x4; The wraith hits you but does no damage.
The two-headed ogre hits you with a +0 giant club!
You die...
Your body crumbles into a pile of gold.

#....WWW............
###########..#.####
####.#.# #......#
#.##.#W# #.##...#
#.###WW# #.# #WO##
#.# #.@.# #.# #...#
#.# #...# #.# #...#
#.# #...# #.# #####
#.# #.# #.#


You could see a two-headed ogre (slow) and 4 wraiths.

Vanquished Creatures
  The ghost of Kuerar the Basher, a journeyman BaFi of Cheibriados (Lair:4)
  Josephine (D:11)
  Erolcha (D:10)
  4 hydras
  Erica (D:8)
  A two-headed ogre (D:9)
  Urug (Lair:5)
  A death drake (Gauntlet)
  6 black mambas
  A spectral centaur (Gauntlet)
  13 elephants
  Psyche (D:8)
  10 cane toads
  2 rime drakes
  Maggie (D:6)
  4 komodo dragons
  A redback zombie (Gauntlet)
  A spectral harpy (Gauntlet)
  2 trolls
  2 meliai (Lair:4)
  A polar bear (Lair:2)
  3 hornets
  A queen bee (Lair:4)
  2 bog bodies (Lair:4)
  3 blink frogs (Lair:1)
  3 slime creatures (D:10)
  2 wraiths
  12 yaks
  3 fire elementals (Volcano)
  2 wyverns
  3 fire bats (Lair:1)
  2 basilisks
  Menkaure (D:7)
  17 water moccasins
  An acid dragon (D:8)
  7 black bears
  6 orc warriors
  3 sky beasts
  2 necrophages (D:10)
  5 ogres
  A phantom (D:8)
  6 centaurs
  An eye of draining (D:9)
  2 big kobolds
  19 bullfrogs
  3 scorpions
  7 killer bees
  3 wights (D:10)
  2 howler monkeys
  A lava snake (Lair:2)
  6 jellies
  A centaur zombie (D:10)
  7 orc priests
  13 orc wizards
  2 centaur skeletons
  A gnoll shaman (D:4)
  5 hounds
  A bullfrog skeleton (D:9)
  An iguana (D:10)
  7 worker ants
  14 gnolls
  A howler monkey skeleton (D:8)
  A worker ant zombie (D:6)
  19 adders
  A river rat (Sewer)
  A shadow imp (D:9)
  6 white imps
  3 ufetubi
  2 oozes
  4 adder zombies
  7 worms
  4 adder skeletons
  3 dart slugs
  5 leopard geckos
  50 orcs
  9 bats
  11 giant cockroaches
  6 goblins
  7 hobgoblins
  4 jackals
  6 quokkas
  6 ball pythons
  3 frilled lizards
  18 kobolds
  3 quokka skeletons
  12 rats
429 creatures vanquished.

Vanquished Creatures (others)
  A fire vortex (Lair:2)
  21 fungi
  28 plants
50 creatures vanquished.

Grand Total: 479 creatures vanquished

Notes
Turn   | Place    | Note
-------+----------+-------------------------------------------
     0 | D:1      | jiml777 the Gnoll Warper began the quest for the Orb.
     0 | D:1      | Reached XP level 1. HP: 20/20 MP: 6/6
   257 | D:1      | Reached XP level 2. HP: 26/26 MP: 7/7
   628 | D:1      | Reached XP level 3. HP: 31/31 MP: 9/9
   632 | D:1      | Reached skill level 5 in Spellcasting
   888 | D:2      | Reached skill level 1 in Invocations
  1198 | D:2      | Reached skill level 1 in Short Blades
  1198 | D:2      | Reached skill level 1 in Long Blades
  1198 | D:2      | Reached skill level 1 in Axes
  1198 | D:2      | Reached skill level 1 in Maces & Flails
  1198 | D:2      | Reached skill level 1 in Staves
  1198 | D:2      | Reached skill level 1 in Slings
  1198 | D:2      | Reached skill level 1 in Bows
  1198 | D:2      | Reached skill level 1 in Crossbows
  1198 | D:2      | Reached skill level 1 in Stealth
  1198 | D:2      | Reached skill level 1 in Shields
  1198 | D:2      | Reached skill level 1 in Unarmed Combat
  1198 | D:2      | Reached skill level 1 in Evocations
  1320 | D:2      | Found a radiant altar of Vehumet.
  1378 | D:2      | Reached XP level 4. HP: 38/38 MP: 11/11
  1646 | D:2      | Reached skill level 1 in Conjurations
  1646 | D:2      | Reached skill level 1 in Hexes
  1646 | D:2      | Reached skill level 1 in Summonings
  1646 | D:2      | Reached skill level 1 in Necromancy
  1646 | D:2      | Reached skill level 1 in Transmutations
  1646 | D:2      | Reached skill level 1 in Fire Magic
  1646 | D:2      | Reached skill level 1 in Ice Magic
  1646 | D:2      | Reached skill level 1 in Air Magic
  1646 | D:2      | Reached skill level 1 in Earth Magic
  1646 | D:2      | Reached skill level 1 in Poison Magic
  1707 | D:2      | Found a shimmering blue altar of Sif Muna.
  1711 | D:2      | Found a broken altar of Ashenzari.
  1711 | D:2      | Found an ornate altar of the Wu Jian Council.
  1871 | D:3      | Found a glowing silver altar of Zin.
  2077 | D:3      | Reached XP level 5. HP: 43/43 MP: 12/12
  2176 | D:3      | Found a glowing drain.
  2201 | Sewer    | Entered a sewer
  2369 | Sewer    | Noticed a big kobold
  2379 | Sewer    | Killed a big kobold
  2399 | Sewer    | Found a glowing silver altar of Zin.
  2516 | D:3      | Reached XP level 6. HP: 22/50 MP: 13/13
  3018 | D:4      | Got a distressingly furry leather armour
  3025 | D:4      | Reached skill level 5 in Fighting
  3025 | D:4      | Reached skill level 5 in Polearms
  3025 | D:4      | Reached skill level 5 in Dodging
  3031 | D:4      | Identified the +5 leather armour of Hadjma {rN+ Str-5
                  | Int+3} (You found it on level 4 of the Dungeon)
  3034 | D:4      | Learned a level 2 spell: Blink
  3087 | D:4      | Found a faded altar of an unknown god.
  3087 | D:4      | Found a bloodstained altar of Trog.
  3093 | D:4      | Found a snail-covered altar of Cheibriados.
  3095 | D:4      | Found a shadowy altar of Dithmenos.
  3122 | D:4      | Found an opulent altar of Gozag.
  3126 | D:4      | Became a worshipper of Gozag Ym Sagoz the Greedy
  3217 | D:4      | Found a white marble altar of Elyvilon.
  3407 | D:4      | Found a basalt altar of Yredelemnul.
  3554 | D:4      | Reached XP level 7. HP: 50/56 MP: 15/15
  3829 | D:4      | Found a hazy altar of Hepliaklqana.
  3879 | D:5      | Entered Level 5 of the Dungeon
  4564 | D:5      | Found Juvom's Antique Weapon Boutique.
  4581 | D:5      | Bought a masterwork hunting sling for 162 gold pieces
  4581 | D:5      | Identified the +6 hunting sling of Ehaingo {vorpal, rF+
                  | Dex+3} (You bought it in a shop on level 5 of the Dungeon)
  4893 | D:6      | Reached XP level 8. HP: 54/63 MP: 16/16
  4960 | D:6      | Reached skill level 6 in Spellcasting
  5203 | D:6      | Found Vioge's Magic Scroll Shoppe.
  5228 | D:6      | Bought a scroll of enchant weapon for 105 gold pieces
  5228 | D:6      | Bought a scroll of identify for 28 gold pieces
  5228 | D:6      | Bought a scroll of identify for 28 gold pieces
  5228 | D:6      | Bought a scroll of identify for 28 gold pieces
  5348 | D:6      | Noticed Maggie
  5364 | D:6      | Killed Maggie
  5563 | D:6      | Reached XP level 9. HP: 53/69 MP: 18/18
  5847 | D:7      | Noticed Menkaure
  5864 | D:7      | Killed Menkaure
  5987 | D:7      | Found a staircase to the Ecumenical Temple.
  6000 | Temple   | Entered the Ecumenical Temple
  6390 | D:7      | Reached skill level 5 in Throwing
  6390 | D:7      | Reached skill level 5 in Armour
  7187 | D:8      | Reached skill level 5 in Invocations
  7349 | D:8      | Noticed a troll
  7353 | D:8      | Reached skill level 7 in Spellcasting
  7355 | D:8      | Reached XP level 10. HP: 77/77 MP: 20/20
  7469 | D:8      | Found an opulent altar of Gozag.
  7482 | D:8      | Reached skill level 5 in Short Blades
  7482 | D:8      | Reached skill level 5 in Long Blades
  7482 | D:8      | Reached skill level 5 in Axes
  7482 | D:8      | Reached skill level 5 in Maces & Flails
  7482 | D:8      | Reached skill level 5 in Staves
  7482 | D:8      | Reached skill level 5 in Slings
  7482 | D:8      | Reached skill level 5 in Bows
  7482 | D:8      | Reached skill level 5 in Crossbows
  7482 | D:8      | Reached skill level 5 in Stealth
  7482 | D:8      | Reached skill level 5 in Shields
  7482 | D:8      | Reached skill level 5 in Unarmed Combat
  7482 | D:8      | Reached skill level 5 in Evocations
  7718 | D:8      | Noticed Erica
  7750 | D:8      | Killed Erica
  8161 | D:8      | Noticed Psyche
  8181 | D:8      | Killed Psyche
  8250 | D:8      | Found a roughly hewn altar of Beogh.
  8494 | D:8      | Found a sacrificial altar of Ru.
  8648 | D:9      | Noticed a two-headed ogre
  8667 | D:9      | Killed a two-headed ogre
  8733 | D:9      | Found a staircase to the Lair.
  8734 | D:9      | Noticed an elephant
  8780 | D:9      | Killed an elephant
  8780 | D:9      | Reached XP level 11. HP: 84/84 MP: 7/22
  9025 | D:9      | Reached skill level 5 in Conjurations
  9025 | D:9      | Reached skill level 5 in Hexes
  9025 | D:9      | Reached skill level 5 in Summonings
  9025 | D:9      | Reached skill level 5 in Necromancy
  9025 | D:9      | Reached skill level 5 in Transmutations
  9025 | D:9      | Reached skill level 5 in Fire Magic
  9025 | D:9      | Reached skill level 5 in Ice Magic
  9025 | D:9      | Reached skill level 5 in Air Magic
  9025 | D:9      | Reached skill level 5 in Earth Magic
  9025 | D:9      | Reached skill level 5 in Poison Magic
  9304 | D:9      | Reached skill level 8 in Spellcasting
  9386 | D:9      | Found a blossoming altar of Fedhas.
  9723 | Temple   | Bought the ring of the Mage {Wiz MR++ Int+3} for 775 gold
                  | pieces
  9723 | Temple   | Found the ring of the Mage {Wiz MR++ Int+3}
  9730 | Temple   | Learned a level 4 spell: Petrify
  9809 | Lair:1   | Entered Level 1 of the Lair of Beasts
  9931 | Lair:1   | Found a dark tunnel.
  9972 | Volcano  | Entered a volcano
 10613 | Lair:1   | Learned a level 1 spell: Apportation
 10618 | Lair:1   | Learned a level 4 spell: Hailstorm
 10622 | Lair:1   | Learned a level 3 spell: Ozocubu's Armour
 10711 | Lair:1   | Noticed an eight-headed hydra
 10837 | Lair:1   | Killed a one-headed hydra
 11283 | Lair:2   | Noticed an oklob plant
 11283 | Lair:2   | Noticed an oklob plant
 11729 | Lair:2   | Reached XP level 12. HP: 47/94 MP: 24/24
 13285 | Lair:3   | Noticed an eight-headed hydra
 13298 | Lair:3   | Killed an eight-headed hydra
 13298 | Lair:3   | Reached skill level 9 in Spellcasting
 13381 | Lair:3   | Noticed a five-headed hydra
 13393 | Lair:3   | Killed a one-headed hydra
 13485 | Lair:3   | Found a staircase to the Snake Pit.
 14018 | Lair:3   | Noticed an eight-headed hydra
 14064 | Lair:3   | Killed a one-headed hydra
 14922 | Lair:4   | Reached XP level 13. HP: 101/101 MP: 26/26
 15114 | Lair:4   | Found a staircase to the Swamp.
 15423 | Lair:4   | Learned a level 5 spell: Metabolic Englaciation
 15427 | Lair:4   | Learned a level 3 spell: Gell's Gravitas
 15470 | Lair:4   | Found a transporter.
 15474 | Lair:4   | Found a transporter.
 15474 | Lair:4   | Noticed Kuerar's ghost (journeyman BaFi)
 15811 | Lair:4   | Killed Kuerar's ghost
 16333 | Lair:5   | Noticed Urug
 16340 | Lair:5   | Killed Urug
 16569 | Lair:5   | Found a gate leading to a gauntlet.
 16578 | Gauntlet | Entered a Gauntlet
 16578 | Gauntlet | Found a transporter.
 16588 | Gauntlet | Found a transporter.
 16589 | Gauntlet | Found a transporter.
 16590 | Gauntlet | Found a transporter.
 16593 | Gauntlet | Found a transporter.
 16595 | Gauntlet | Noticed a great orb of eyes
 16634 | Gauntlet | Found a transporter.
 16652 | Gauntlet | Found a transporter.
 16654 | Gauntlet | Noticed a blizzard demon
 16665 | Gauntlet | Found a transporter.
 16682 | Gauntlet | Found a transporter.
 16686 | Gauntlet | Found a transporter.
 16687 | Gauntlet | Noticed a blizzard demon
 16688 | Gauntlet | Found a runed translucent door.
 16690 | Gauntlet | Found a runed translucent door.
 16694 | Gauntlet | Found a transporter.
 16721 | Gauntlet | Found a transporter.
 16749 | Gauntlet | Got a coiled granite ring
 16874 | Gauntlet | Identified the ring of Fragile Peace {Str+4 SInv} (You
                  | found it in a Gauntlet)
 16899 | Gauntlet | HP: 4/101 [blizzard demon/bolt of lightning (23)]
 16921 | Gauntlet | HP: 5/101 [blizzard demon] (5)]
 16928 | Gauntlet | Got a pair of buzzing gloves
 17055 | Gauntlet | Identified the +1 pair of gloves "Xeedym" {rF++ Str+3 Dex+3
                  | SInv} (You found it in a Gauntlet)
 17057 | Gauntlet | Noticed a minotaur
 17493 | Lair:5   | Noticed Snorg
 18198 | D:10     | Entered Level 10 of the Dungeon
 18309 | D:10     | Noticed Erolcha
 18407 | D:10     | HP: 1/101 [slime creature (5)]
 18698 | D:10     | Killed Erolcha
 19560 | D:10     | Found a portal to a secret trove of treasure.
 19728 | D:11     | Noticed Josephine
 19738 | D:11     | Killed Josephine
 19738 | D:11     | Reached skill level 10 in Spellcasting
 19750 | D:11     | HP: 1/103 [two-headed ogre/+0 giant club (10)]
 19759 | D:11     | Slain by a two-headed ogre

Illustrated notes

Levels and vault maps discovered:
D:1:      minmay_arrival_solitary_statue, layout_loops_cross
D:2:      layout_basic, lemuel_doored_altar, grunt_temple_overflow_open
D:3:      layout_basic, lemuel_crystal_altar, cheibrodos_sewer_entry_bend
D:4:      layout_basic, kennysheep_ying_yang, kennysheep_mini,
          chequers_temple_overflow_minitemple
D:5:      layout_basic, serial_shops, shop, hangedman_decor_riveting
D:6:      layout_loops_corners, serial_shops, shop, uniq_maggie
D:7:      layout_basic, minmay_temple_entry_arrows, uniq_menkaure
D:8:      layout_cave_pods, nicolae_ru_path_of_blood, special_room
          [special_room_orc], basic_altar, minmay_shattered_shrine, uniq_erica,
          uniq_psyche
D:9:      layout_small_grid, david_lair_generic, basic_altar, serial_rivers,
          chequers_serial_rivers_micro_a, chequers_serial_rivers_micro_b,
          chequers_serial_rivers_micro_e, chequers_serial_rivers_micro_d,
          chequers_serial_rivers_small_3
D:10:     layout_rooms, nicolae_trove_entry_crystal, uniq_erolcha
D:11:     layout_basic, gammafunk_ghost_hydra_chop, uniq_maurice, uniq_josephine
Temple:   pf_slimified_temple
Lair:1:   layout_gridlike, nicolae_volcano_entry_batcave, beast_lair_carwin_6
Lair:2:   layout_gridlike, minmay_lair_oklob_chamber
Lair:3:   layout_cave_shapes, minmay_snake_entry_six_corridors
Lair:4:   layout_cave_pods, skrybe_swamp_entry_bodies, gammafunk_ghost_hive
Lair:5:   layout_cave_pods, gauntlet_entry_generic, uniq_kirke, uniq_snorg,
          uniq_urug

Skill      XL: |  1  2  3  4  5  6  7  8  9 10 11 12 13 |
---------------+----------------------------------------+-----
Spellcasting   | 5 6 7 8 9 10 | 10.0
Invocations    | 1 2 3 4 5 6 7 8 9 |  9.4
Short Blades   | 1 2 3 4 5 6 7 8 |  8.6
Long Blades    | 1 2 3 4 5 6 7 8 |  8.6
Axes           | 1 2 3 4 5 6 7 8 |  8.6
Maces & Flails | 1 2 3 4 5 6 7 8 |  8.6
Staves         | 1 2 3 4 5 6 7 8 |  8.6
Slings         | 1 2 3 4 5 6 7 8 |  8.6
Bows           | 1 2 3 4 5 6 7 8 |  8.6
Crossbows      | 1 2 3 4 5 6 7 8 |  8.6
Stealth        | 1 2 3 4 5 6 7 8 |  8.6
Shields        | 1 2 3 4 5 6 7 8 |  8.6
Unarmed Combat | 1 2 3 4 5 6 7 8 |  8.6
Evocations     | 1 2 3 4 5 6 7 8 |  8.6
Conjurations   | 1 2 3 4 5 6 7 |  7.2
Hexes          | 1 2 3 4 5 6 7 |  7.2
Summonings     | 1 2 3 4 5 6 7 |  7.2
Necromancy     | 1 2 3 4 5 6 7 |  7.2
Transmutations | 1 2 3 4 5 6 7 |  7.2
Fire Magic     | 1 2 3 4 5 6 7 |  7.2
Ice Magic      | 1 2 3 4 5 6 7 |  7.2
Air Magic      | 1 2 3 4 5 6 7 |  7.2
Earth Magic    | 1 2 3 4 5 6 7 |  7.2
Poison Magic   | 1 2 3 4 5 6 7 |  7.2
Throwing       | 3 4 5 6 7 8 9 |  9.0
Armour         | 3 4 5 6 7 8 9 |  9.0
Fighting       | 5 6 7 8 9 |  9.8
Polearms       | 5 6 7 8 9 |  9.8
Dodging        | 5 6 7 8 9 |  9.8
Translocations | 6 7 8 9 |  9.1

Action                   |  1- 3 |  4- 6 |  7- 9 | 10-12 | 13-15 || total
-------------------------+-------+-------+-------+-------+-------++-------
Melee: Spear             |    26 |       |       |       |       ||    26
       Bite              |     6 |    18 |    55 |   104 |    67 ||   250
       Short sword       |    66 |   124 |       |       |       ||   190
       Trident           |       |    81 |   526 |   134 |       ||   741
       Punch             |       |     1 |    10 |    31 |    28 ||    70
       Scimitar          |       |       |       |   559 |   158 ||   717
       Flail             |       |       |       |     6 |    25 ||    31
       Staff             |       |       |       |       |   261 ||   261
       Battleaxe         |       |       |       |       |    28 ||    28
 Fire: Hunting sling     |       |       |     4 |   153 |    49 ||   206
Throw: Dart              |       |       |     9 |    34 |     8 ||    51
       Javelin           |       |       |       |       |    12 ||    12
       Boomerang         |       |       |       |       |     1 ||     1
 Cast: Blink             |       |       |     3 |    36 |    29 ||    68
       Petrify           |       |       |       |     2 |       ||     2
       Metabolic Englaci |       |       |       |       |     9 ||     9
       Ozocubu's Armour  |       |       |       |       |     5 ||     5
       Gell's Gravitas   |       |       |       |       |     4 ||     4
Invok: Call Merchant     |       |       |       |     1 |     1 ||     2
       Potion Petition   |       |       |       |       |     1 ||     1
Evoke: Wand              |       |       |     6 |     4 |    25 ||    35
       Lightning rod     |       |       |       |       |     2 ||     2
  Use: Scroll            |       |    10 |    10 |    10 |    11 ||    41
       Potion            |       |       |     3 |     3 |    17 ||    23
 Stab: Sleeping          |       |     1 |     5 |    12 |     5 ||    23
       Distracted        |       |     1 |     1 |     3 |     4 ||     9
       Paralysed         |       |       |       |       |     7 ||     7
Armor: Ring mail         |    25 |    62 |       |       |       ||    87
       Leather armour    |       |    17 |   207 |   334 |    88 ||   646
       Skin              |       |     1 |       |       |       ||     1
       Swamp dragon scal |       |       |       |       |   129 ||   129
Dodge: Dodged            |    50 |   175 |   381 |   759 |   533 ||  1898
       Rpst.: Scimitar   |       |       |       |   154 |    35 ||   189

Table legend: (Time is in decaauts)
 A = Elapsed time spent in this place.
 B = Non-inter-level travel time spent in this place.
 C = Inter-level travel time spent in this place.
 D = Time resting spent in this place.
 E = Time spent auto-exploring this place.
 F = Levels seen in this place.
 G = Mean time per level.
                   A        B        C        D        E       F      G
               +--------+--------+--------+--------+--------+-----+--------+
         Total |  19727 |  18719 |   1008 |   4041 |   6382 |  20 |  986.3 |
       Dungeon |  11434 |  10626 |    808 |   1372 |   4383 |  11 | 1039.5 |
        Temple |     61 |     43 |     18 |      0 |      0 |   1 |   61.0 |
          Lair |   7129 |   6947 |    182 |   2208 |   1922 |   5 | 1425.8 |
         Sewer |    264 |    264 |      0 |    109 |     77 |   1 |  264.0 |
       Volcano |    133 |    133 |      0 |     48 |      0 |   1 |  133.0 |
      Gauntlet |    705 |    705 |      0 |    304 |      0 |   1 |  705.0 |
               +--------+--------+--------+--------+--------+-----+--------+

Top non-repeatable levels by time:
     D:8: 2058 daAuts
  Lair:3: 1990 daAuts
  Lair:1: 1657 daAuts
  Lair:4: 1582 daAuts
     D:9: 1260 daAuts
  Lair:2: 1228 daAuts
     D:6: 1164 daAuts
    D:10: 1104 daAuts
     D:7: 1083 daAuts
     D:2: 993 daAuts
     D:5: 942 daAuts
     D:3: 903 daAuts
     D:4: 879 daAuts
     D:1: 875 daAuts
Gauntlet: 705 daAuts
